 Dungeon Sprint DCSS version 0.22-a0-83-g218e7ffaa8 (webtiles) character file.

321 Conn321 the Spear-Bearer (level 6, -8/62 HPs)
             Began as a Naga Gladiator on Jan 20, 2018.
             Was a Priest of Trog.
             Mangled by an orc warrior
             ... wielding a +0 trident
              (12 damage)
             ... in the Dungeon (Sprint VII: "The Pits").
             The game lasted 00:03:39 (516 turns).

Conn321 the Spear-Bearer (Naga Gladiator)            Turns: 516, Time: 00:03:44

Health: -8/62      AC: 10    Str: 17    XL:     6   Next: 46%
Magic:  6/6        EV: 10    Int:  8    God:    Trog [***...]
Gold:   0          SH:  0    Dex: 14    Spells: 5/5 levels left

rFire    . . .     SeeInvis +   t - +2 dagger (venom)
rCold    . . .     Gourm    .   (no shield)
rNeg     . . .     Faith    .   s - +3 scale mail
rPois    +         Spirit   .   c - +0 helmet
rElec    .         Reflect  .   (no cloak)
rCorr    .         Harm     .   (no gloves)
MR       .....     NoTele   +   (no barding)
Stlth    +.........             (no amulet)
HPRegen  0.20/turn              (no ring)
MPRegen  0.10/turn              (no ring)

@: berserk cooldown, very slightly contaminated, slowed, invisible, very slow
A: large, see invisible, deformed body, poison resistance, slowness 2, slow
metabolism 1, spit poison 1, AC +2
a: Spit Poison, Berserk, Trog's Hand, Burn Spellbooks, Renounce Religion


You were in the Dungeon.
You worshipped Trog.
Trog was most pleased with you.
You were not hungry.

You visited 1 branch

Inventory:

Hand Weapons
 a - a +0 trident
 l - a +2 trident
 q - a +2 trident of piercing
 t - a +2 dagger of venom (weapon)
 u - a +1 quarterstaff of protection
Missiles
 d - 3 throwing nets (quivered)
Armour
 b - a +0 leather armour
 c - a +0 helmet (worn)
 r - a +3 chain mail
 s - a +3 scale mail (worn)
Scrolls
 k - a scroll of blinking
 n - 3 scrolls of remove curse
 o - 5 scrolls of amnesia
 p - a scroll of summoning
Potions
 e - 6 potions of curing
 g - 5 potions of heal wounds
 h - a potion of haste
 i - 4 potions of magic
 j - 2 potions of berserk rage
 m - a potion of invisibility
Comestibles
 f - 9 rations


   Skills:
 + Level 5.9 Fighting
 + Level 8.4(8.7) Polearms
 + Level 2.7(6.0) Staves
 + Level 2.5 Throwing
 + Level 4.3 Armour
 + Level 5.4 Dodging
 + Level 1.8 Stealth


You had 5 spell levels left.
You didn't know any spells.

Dungeon Overview and Level Annotations

Branches:
Dungeon (1/1)

Altars:
Ashenzari
Cheibriados
Dithmenos
Elyvilon
Fedhas
Gozag
Hepliaklqana
Kikubaaqudgha
Makhleb
Nemelex Xobeh
Okawaru
Qazlal
Ru
Sif Muna
Trog
Uskayaw
Vehumet
Wu Jian
Xom
Yredelemnul
Zin
The Shining One
Beogh
Jiyva
Lugonu


Innate Abilities, Weirdness & Mutations

You cannot wear boots.
Your serpentine skin is tough. (AC +2)
You have supernaturally acute eyesight. (SInv)
Armour fits poorly on your strangely shaped body.
Your system is resistant to poisons. (rPois)
You cover ground very slowly.
You have a slow metabolism.
You can spit poison.


Message History

Your +1 quarterstaff of protection goes still.
Your +2 dagger of venom begins to drip with poison!
t - a +2 dagger of venom (weapon)
The quokka bites you but does no damage.
The orc priest mumbles some strange prayers to Beogh against you.
The jackal writhes in agony!
The orc warrior hits you with a trident!
* * * LOW HITPOINT WARNING * * *
The jackal barks!
You hit the orc warrior but do no damage.
The orc warrior is poisoned.
The orc warrior is severely wounded.
The orc warrior closely misses you. The quokka misses you.
You hit the orc warrior but do no damage.
The orc warrior looks even sicker.
The orc warrior is severely wounded.
The orc warrior hits you with a trident!
* * * LOW HITPOINT WARNING * * *
The orc warrior hits you with a trident!
You die...

#.#..#..#..##.....
#.#..'..#))#####'#
#.#..####..##.....
#.#..#..#.)##.....
#.#..#..#..##.....
#.##'#..#'###...<.
#.#........##.....
#.#........##.....
#@###########.....
#roh....# ######
#hS#.#..# #o## #
#o. #.# #.. #..


You could see an orc warrior, 2 orc priests, a quokka, 2 jackals and a ball
python.

Vanquished Creatures
  A fire bat (D)
  A wolf (D)
  A scorpion (D)
  A gnoll (D)
  A river rat (D)
  An adder (D)
  An ooze (D)
  An adder skeleton (D)
  4 jackals (D)
  A quokka (D)
  A frilled lizard (D)
  A kobold (D)
15 creatures vanquished.

Notes
Turn   | Place    | Note
-------+----------+-------------------------------------------
     0 | D        | Conn321 the Naga Gladiator began the quest for the Orb.
     0 | D        | Reached XP level 1. HP: 19/19 MP: 1/1
    38 | D        | Found a bloodstained altar of Trog.
    38 | D        | Found a deep blue altar of Sif Muna.
    38 | D        | Found a viscous altar of Jiyva.
    38 | D        | Found a hazy altar of Hepliaklqana.
    38 | D        | Found an opulent altar of Gozag.
    39 | D        | Found a glowing golden altar of the Shining One.
    39 | D        | Found a glowing silver altar of Zin.
    39 | D        | Found a basalt altar of Yredelemnul.
    39 | D        | Found a shimmering altar of Xom.
    39 | D        | Found an ornate altar of the Wu Jian Council.
    39 | D        | Found a sacrificial altar of Ru.
    39 | D        | Found a stormy altar of Qazlal.
    39 | D        | Found an iron altar of Okawaru.
    39 | D        | Found a sparkling altar of Nemelex Xobeh.
    39 | D        | Found a burning altar of Makhleb.
    39 | D        | Found a blossoming altar of Fedhas.
    39 | D        | Found a white marble altar of Elyvilon.
    39 | D        | Found a shadowy altar of Dithmenos.
    39 | D        | Found a snail-covered altar of Cheibriados.
    40 | D        | Found a radiant altar of Vehumet.
    40 | D        | Found a corrupted altar of Lugonu.
    40 | D        | Found a roughly hewn altar of Beogh.
    41 | D        | Found a hide-covered altar of Uskayaw.
    41 | D        | Found an ancient bone altar of Kikubaaqudgha.
    41 | D        | Found a shattered altar of Ashenzari.
    49 | D        | Became a worshipper of Trog the Wrathful
    98 | D        | Reached * piety under Trog
    98 | D        | Reached XP level 2. HP: 27/27 MP: 2/2
   109 | D        | Reached skill level 4 in Polearms
   113 | D        | Reached XP level 3. HP: 25/33 MP: 3/3
   136 | D        | Reached ** piety under Trog
   147 | D        | Noticed a scorpion
   150 | D        | Killed a scorpion
   150 | D        | Reached *** piety under Trog
   150 | D        | Reached skill level 6 in Polearms
   150 | D        | Reached skill level 1 in Armour
   150 | D        | Reached XP level 4. HP: 15/44 MP: 4/4
   491 | D        | Noticed a fire bat
   491 | D        | Noticed a wolf
   492 | D        | Noticed an orc warrior
   500 | D        | Killed a fire bat
   500 | D        | Reached skill level 5 in Fighting
   500 | D        | Reached skill level 7 in Polearms
   500 | D        | Reached skill level 5 in Dodging
   500 | D        | Reached skill level 1 in Stealth
   500 | D        | Reached XP level 5. HP: 52/52 MP: 5/5
   500 | D        | Reached XP level 6. HP: 61/61 MP: 6/6
   501 | D        | Reached skill level 8 in Polearms
   516 | D        | Mangled by an orc warrior

Vault maps used:
D:        pitsprint

Skill      XL: |  1  2  3  4  5  6 |
---------------+-------------------+-----
Throwing       | 2 |  2.5
Dodging        | 3 4 5 |  5.4
Polearms       | 4 6 7 8 |  8.4
Fighting       | 3 5 |  5.9
Armour         | 1 3 4 |  4.3
Staves         | 2 |  2.7
Stealth        | 1 |  1.8

Action                   |  1- 3 |  4- 6 || total
-------------------------+-------+-------++-------
Melee: Trident           |    43 |    12 ||    55
       Quarterstaff      |       |    17 ||    17
       Dagger            |       |     2 ||     2
Invok: Berserk           |       |     1 ||     1
  Use: Potion            |     2 |     1 ||     3
Armor: Leather armour    |     6 |     1 ||     7
       Scale mail        |       |    16 ||    16
Dodge: Dodged            |    27 |    32 ||    59

Table legend:
 A = Spawn XP
 B = Non-spawn XP
 C = Spawn XP percentage of total XP
 D = Spawn monster count
 E = Non-spawn monster count
 F = Spawn count percentage of total count
 G = Total turns spent on level
                    A         B        C        D         E        F      G
               +---------+---------+-------+---------+---------+-------+---------
         Total |       0 |     459 |   0.0 |       0 |      15 |   0.0 |   516
               +---------+---------+-------+---------+---------+-------+---------
             D |       0 |     459 |   0.0 |       0 |      15 |   0.0 |   516
               +---------+---------+-------+---------+---------+-------+---------
